 Dungeon Crawl Stone Soup version 0.23.2-1-ga50397a (webtiles) character file.

Game seed: 9743106672265495455

688 xveg the Chopper (level 7, -2/59 HPs)
             Began as a Minotaur Gladiator on May 8, 2019.
             Slain by a gnoll sergeant
             ... wielding a +0 trident
              (10 damage)
             ... on level 5 of the Dungeon.
             The game lasted 00:05:21 (3411 turns).

xveg the Chopper (Minotaur Gladiator)               Turns: 3411, Time: 00:05:22

Health: -2/59      AC:  6    Str: 21    XL:     7   Next: 36%
Magic:  6/6        EV: 18    Int: 10    God:
Gold:   129        SH:  0    Dex: 16    Spells: 6/6 levels left

rFire    . . .     SeeInvis .   a - +0 war axe
rCold    . . .     Gourm    +   (no shield)
rNeg     . . .     Faith    .   r - +0 ring mail
rPois    .         Spirit   .   c - +0 hat
rElec    .         Reflect  .   (no cloak)
rCorr    .         Harm     .   (no gloves)
MR       .....                  (no boots)
Stlth    ++........             q - amulet of the gourmand
HPRegen  0.19/turn              (no ring)
MPRegen  0.10/turn              (no ring)

@: brilliant, agile
A: retaliatory headbutt, horns 2
a: no special abilities


You were on level 5 of the Dungeon.
You were very hungry.

You visited 1 branch of the dungeon, and saw 5 of its levels.

You collected 129 gold pieces.

Inventory:

Hand Weapons
 a - a +0 war axe (weapon)
Missiles
 d - 2 throwing nets
 u - a steel javelin (quivered)
Armour
 b - a +0 leather armour
 c - a +0 hat (worn)
 r - a +0 ring mail (worn)
Jewellery
 q - an amulet of the gourmand (around neck)
 v - a cursed +3 ring of strength {unknown}
Wands
 w - a wand of polymorph (8)
 y - a wand of clouds (7)
 A - a wand of digging (1)
 B - a wand of iceblast (3)
Scrolls
 e - 4 scrolls of immolation {unknown}
 i - a scroll of fear {unknown}
 k - 2 scrolls of teleportation {unknown}
 l - 2 scrolls of identify {unknown}
 m - a scroll of enchant armour {unknown}
 n - 2 scrolls of magic mapping {unknown}
 o - a scroll of amnesia {unknown}
 p - 2 scrolls of enchant weapon {unknown}
 s - a scroll of noise {unknown}
Potions
 g - a potion of agility
 j - a potion of flight {unknown}
 t - a potion of brilliance
 x - a potion of degeneration {unknown}
 z - a potion of heal wounds {unknown}
 C - a potion of lignification {unknown}
Comestibles
 f - 4 rations


   Skills:
 + Level 4.1 Fighting
 + Level 6.6 Axes
 * Level 3.6 Throwing
 * Level 5.2 Armour
 + Level 4.0 Dodging
 + Level 0.1 Stealth


You had 6 spell levels left.
You didn't know any spells.
Your spell library was empty.

Dungeon Overview and Level Annotations

Branches:
Dungeon (5/15)
 Temple: D:4-7

Altars:
Yredelemnul

Shops:
D:4 =!(


Innate Abilities, Weirdness & Mutations

You reflexively headbutt those who attack you in melee.
You have a pair of horns on your head.


Message History

Okay, then.
It was a potion of curing.
You feel better. The worker ant completely misses you. You furiously retaliate!
You headbutt the worker ant, but do no damage.
The gnoll sergeant misses you.
You barely miss the worker ant.
The worker ant is heavily wounded.
The worker ant misses you.
The gnoll sergeant hits you from afar with a +0 trident.
* * * LOW HITPOINT WARNING * * *
The worker ant bites you but does no damage.
You barely miss the worker ant. Your headbutt misses the worker ant.
The worker ant is heavily wounded.
The worker ant barely misses you. You furiously retaliate!
You headbutt the worker ant, but do no damage.
The gnoll sergeant barely misses you.
You slash the worker ant!
You kill the worker ant!
The gnoll sergeant hits you from afar with a +0 trident!
You die...

########## #.#
...# #### #.# .
##.# ..... #.# .#
.#.# ..).. #.# (#
.#.#
......#.###(##
.#.#
......#......#
##.#
......†.)(g..#
.#.# .........†#
.#.# ####.....@#
.#.# ######.#
.#.# #.# .#.####
#.# .#....#######
#.# ##..........#
#.#
#..........####.#
#..........'....#
#####......######


You could see a gnoll sergeant.

Vanquished Creatures
  Eustachio (D:4)
  An ogre (D:4)
  Blork the orc (D:4)
  A scorpion (D:4)
  A crimson imp (D:5)
  2 hounds
  An iguana (D:4)
  2 worker ants (D:5)
  3 gnolls (D:5)
  5 adders
  2 oozes (D:2)
  2 adder skeletons
  4 worms
  A dart slug (D:3)
  7 orcs
  2 giant cockroaches (D:4)
  2 goblins
  7 hobgoblins
  8 kobolds
  2 quokkas
  5 bats
  6 frilled lizards
  5 rats
71 creatures vanquished.

Notes
Turn   | Place    | Note
-------+----------+-------------------------------------------
     0 | D:1      | xveg the Minotaur Gladiator began the quest for the Orb.
     0 | D:1      | Reached XP level 1. HP: 18/18 MP: 0/0
   373 | D:1      | Reached skill level 4 in Axes
   373 | D:1      | Reached XP level 2. HP: 25/25 MP: 1/1
   878 | D:2      | Reached XP level 3. HP: 16/30 MP: 2/2
   938 | D:2      | Reached skill level 1 in Armour
  1319 | D:2      | Reached XP level 4. HP: 6/37 MP: 3/3
  2397 | D:4      | Found Qeis's Distillery.
  2405 | D:4      | Reached XP level 5. HP: 26/45 MP: 4/4
  2406 | D:4      | Reached skill level 5 in Axes
  2458 | D:4      | Found Bylockin's Weapon Emporium.
  2554 | D:4      | Noticed an ogre
  2561 | D:4      | Killed an ogre
  2878 | D:4      | Found Rumoew's Jewellery Shoppe.
  2919 | D:4      | Reached XP level 6. HP: 50/51 MP: 5/5
  3021 | D:4      | Found a basalt altar of Yredelemnul.
  3069 | D:4      | Noticed Blork the orc
  3078 | D:4      | Killed Blork the orc
  3111 | D:4      | Noticed Eustachio
  3128 | D:4      | Killed Eustachio
  3128 | D:4      | Reached skill level 6 in Axes
  3128 | D:4      | Reached XP level 7. HP: 45/59 MP: 6/6
  3206 | D:5      | Entered Level 5 of the Dungeon
  3262 | D:5      | Reached skill level 5 in Armour
  3407 | D:5      | HP: 2/59 [gnoll sergeant/+0 trident (2)]
  3411 | D:5      | Slain by a gnoll sergeant

Skill      XL: |  1  2  3  4  5  6  7 |
---------------+----------------------+-----
Axes           | 4 5 6 |  6.6
Armour         | 1 2 3 4 5 |  5.2
Fighting       | 3 4 |  4.1
Throwing       | 3 |  3.6
Dodging        | 4 |  4.0
Stealth        | |  0.1

Action                   |  1- 3 |  4- 6 |  7- 9 || total
-------------------------+-------+-------+-------++-------
Melee: War axe           |    52 |    86 |    15 ||   153
       Headbutt          |     7 |    15 |     4 ||    26
Throw: Javelin           |       |       |     4 ||     4
       Throwing net      |       |       |     1 ||     1
  Use: Potion            |       |       |     3 ||     3
  Eat: Ration            |     1 |       |       ||     1
       Chunk             |       |     3 |       ||     3
Armor: Leather armour    |     8 |     2 |       ||    10
       Ring mail         |       |    17 |    15 ||    32
Dodge: Dodged            |    24 |    52 |    26 ||   102
